 Dungeon Crawl Stone Soup version 0.27-a0-1144-g0b7d3b79db (webtiles) character file.

Game seed: 14739447649031829972

14 shoop the Sneak (level 2, -1/15 HPs)
             Began as a Vine Stalker Brigand on May 11, 2021.
             Slain by a goblin
             ... wielding a +0 club
             ... led by Robin
              (2 damage)
             ... on level 1 of the Dungeon.
             The game lasted 00:01:14 (962 turns).

shoop the Sneak (Vine Stalker Brigand)               Turns: 962, Time: 00:01:14

Health: -1/15      AC:  3    Str: 13    XL:     2   Next: 45%
Magic:  0/3        EV: 11    Int: 11    God:
Gold:   42         SH:  0    Dex: 15    Spells: 1/1 levels left

rFire    . . .     SeeInvis .   a - +2 dagger
rCold    . . .     Faith    .   (no shield)
rNeg     . . .     Spirit   +   b - +0 robe
rPois    .         Reflect  .   (no helmet)
rElec    .         Harm     .   c - +0 cloak
rCorr    .         Rampage  .   (no gloves)
Will     .....                  (no boots)
Stlth    +++.......             (no amulet)
HPRegen  0.05/turn              (no ring)
MPRegen  0.08/turn              (no ring)

@: no status effects
A: fangs 2, magic shield, antimagic bite, no potion heal 2
a: no special abilities


You were on level 1 of the Dungeon.
You visited 1 branch of the dungeon, and saw 2 of its levels.

You collected 42 gold pieces.

Inventory:

Hand Weapons
 a - a +2 dagger (weapon)
Missiles
 d - 23 poisoned darts (quivered)
 e - 2 curare-tipped darts
Armour
 b - a +0 robe (worn)
 c - a +0 cloak (worn)
Scrolls
 g - a scroll of brand weapon {unknown}
Potions
 h - a potion of degeneration {unknown}


   Skills:
 - Level 2.0 Fighting
 * Level 2.3 Short Blades
 - Level 1.7 Throwing
 - Level 1.0 Dodging
 - Level 5.0 Stealth


You had one spell level left.
You didn't know any spells.
Your spell library was empty.

Dungeon Overview and Level Annotations

Branches:
Dungeon (2/15)

Altars:

Annotations:
D:1 Robin
D:2 Jessica


Innate Abilities, Weirdness & Mutations

You have extremely sharp teeth.
When hurt, damage is shared between your health and your magic reserves.
Your bite disrupts and absorbs the magic of your enemies.
Potions cannot restore your health.


Message History

You hit the jackal.
You kill the jackal!
No target in view!
No target in view!
There is a stone staircase leading down here.
You start resting.
HP restored.
You climb downwards.
A rat, 11 goblins, Jessica and Robin come into view.
Jessica is wielding a +0 dagger and wearing a +2 robe of cold resistance.
Robin shouts!
The goblin shouts! x2; The hobgoblin shouts!
The goblin shouts! x2
The hobgoblin shouts!
The goblin shouts!
The hobgoblin shouts!
Jessica casts a spell.
Jessica seems to speed up.
The goblin closely misses you. The goblin hits you but does no damage.
The hobgoblin hits you but does no damage.
Found 2 gold pieces.
Found a stone staircase leading down.
There is a stone staircase leading up here.
Unknown command.
Robin hits you with a +0 club. The goblin barely misses you. x2
The hobgoblin barely misses you.
You climb upwards.
There is a stone staircase leading down here.
Unknown command.
You closely miss Robin. You bite Robin. You drain their power.
You feel invigorated.
Robin is lightly wounded.
The hobgoblin hits you. Robin hits you with a +0 club.
* * * LOW HITPOINT WARNING * * *
The goblin hits you with a +0 club.
* * * LOW HITPOINT WARNING * * *
The goblin hits you with a +0 club.
* * * LOW HITPOINT WARNING * * *
Unknown command.
It was a potion of heal wounds.
That seemed strangely inert.
The hobgoblin misses you.
Robin roars a battlecry!
The goblins go into a battle-frenzy!
The goblin closely misses you. The goblin hits you with a +0 club.
You die...

#.....####...........
##########.###.#####.#########
#..........# #...>†#.#########
#.######.#.###.###..........).
#.# #.#.....# ###.#########
#.# #.####.## #.# #.#
#.####.######.# #.#
#....g.g......# #.#
#####g@#####..# #.# #g## #..#
#.# #.######..###### #.#
#.#............# #.#
#.#.####.##.##.# #.# #.#.#
#.##.##.# #.####### #.#.#
#.##.##.# #.......# #.#.#
#.##.##.#
#######.####.#.####.##.##.####


You could see Robin, a hobgoblin (strong) and 2 goblins.

Vanquished Creatures
  A ball python (D:1)
  2 endoplasms (D:1)
  2 goblins (D:1)
  3 hobgoblins (D:1)
  A jackal (D:1)
  2 bats (D:1)
  A kobold (D:1)
12 creatures vanquished.

Notes
Turn   | Place    | Note
-------+----------+-------------------------------------------
     0 | D:1      | shoop the Vine Stalker Brigand began the quest for the Orb.
     0 | D:1      | Reached XP level 1. HP: 11/11 MP: 2/2
   298 | D:1      | Reached skill level 1 in Dodging
   298 | D:1      | Reached XP level 2. HP: 15/15 MP: 3/3
   306 | D:1      | Reached skill level 5 in Stealth
   958 | D:2      | Noticed Robin
   958 | D:2      | Noticed Jessica
   962 | D:1      | Slain by a goblin

Illustrated notes

Levels and vault maps discovered:
D:1:      zaba_arrival_water, layout_loops_ring
D:2:      layout_rooms, ebering_ecumenical_altar_box, uniq_robin, uniq_terence,
          uniq_jessica

Skill      XL: |  1  2 |
---------------+-------+-----
Short Blades   | 2 |  2.3
Dodging        | 1 |  1.0
Stealth        | 5 |  5.0
Fighting       | 2 |  2.0
Throwing       | |  1.7

Action                   || total
-------------------------++-------
Melee: Dagger            ||    28
       Bite              ||     7
  Use: Potion            ||     1
 Stab: Sleeping          ||     3
Armor: Robe              ||     9
Dodge: Dodged            ||    18

Table legend: (Time is in decaauts)
 A = Elapsed time spent in this place.
 B = Non-inter-level travel time spent in this place.
 C = Inter-level travel time spent in this place.
 D = Time resting spent in this place.
 E = Time spent auto-exploring this place.
 F = Levels seen in this place.
 G = Mean time per level.
                   A        B        C        D        E       F      G
               +--------+--------+--------+--------+--------+-----+--------+
         Total |    966 |    915 |     51 |     20 |    805 |   2 |  483.0 |
       Dungeon |    966 |    915 |     51 |     20 |    805 |   2 |  483.0 |
               +--------+--------+--------+--------+--------+-----+--------+

Top non-repeatable levels by time:
     D:1: 958 daAuts
     D:2: 8 daAuts
